 Dungeon Crawl Stone Soup version 0.20-a0-1122-gb7cbeb9 (webtiles) character file.

529 Gorglomux the Covert (level 7, -2/34 HPs)
             Began as a Vine Stalker Assassin on May 13, 2017.
             Slain by a water moccasin (6 damage)
             ... on level 4 of the Dungeon.
             The game lasted 00:10:32 (3170 turns).

Gorglomux the Covert (Vine Stalker Assassin)        Turns: 3170, Time: 00:10:32

Health: -2/34      AC:  5    Str: 13    XL:     7   Next: 24%
Magic:  0/8        EV: 11    Int: 11    God:
Gold:   105        SH:  0    Dex: 18    Spells: 6/6 levels left

rFire    . . .     SeeInvis .   b - +0 blowgun
rCold    . . .     Gourm    .   (no shield)
rNeg     . . .     Faith    .   c - +0 robe
rPois    .         Spirit   +   v - +1 helmet
rElec    .         Reflect  .   d - +0 cloak
rCorr    .         Harm     .   (no gloves)
MR       .....                  (no boots)
Stlth    ++++......             (no amulet)
Regen    0.6/turn               (no ring)
MPRegen  0.2/turn               (no ring)

@: lethally poisoned (-2 -> -5), drained
A: fangs 2, regeneration 1, magic shield, antimagic bite, no potion heal 3, rot
immunity
a: no special abilities


You were on level 4 of the Dungeon.
You were very hungry.

You visited 1 branch of the dungeon, and saw 4 of its levels.

You collected 183 gold pieces.
You spent 78 gold pieces at shops.

Inventory:

Hand Weapons
 a - a +2 dagger
 b - a +0 blowgun (weapon)
 q - a cursed +0 hunting sling
   (You found it on level 2 of the Dungeon)
Missiles
 e - 3 poisoned needles
 f - a curare-tipped needle
 k - 2 needles of confusion (quivered)
Armour
 c - a +0 robe (worn)
 d - a +0 cloak (worn)
 v - a +1 helmet (worn)
   (You took it off Robin on level 3 of the Dungeon)
Jewellery
 m - an uncursed amulet of guardian spirit {unknown}
   (You found it on level 1 of the Dungeon)
 o - a +5 ring of strength {unknown}
   (You found it on level 1 of the Dungeon)
Scrolls
 p - 2 scrolls of identify
 r - a scroll of amnesia {unknown}
Potions
 h - a potion of heal wounds {unknown}
 i - 2 potions of curing {unknown}
 j - 2 potions of might
 t - a potion of haste {unknown}
Comestibles
 g - 3 bread rations {@e1@e1}
 l - 3 royal jellies
 n - 2 meat rations {@e2@e2}
 s - 2 fruits


   Skills:
 - Level 1.7 Fighting
 + Level 5.1(5.0) Short Blades
 - Level 1.7 Throwing
 - Level 0.7(0.6) Dodging
 + Level 8.4(8.3) Stealth


You had 6 spell levels left.
You didn't know any spells.

Dungeon Overview and Level Annotations

Branches:
Dungeon (4/15)
 Temple: D:4-7

Altars:
Ashenzari
Ru
Xom
Zin

Shops:
D:4 *


Innate Abilities, Weirdness & Mutations

You have extremely sharp teeth.
Your natural rate of healing is unusually fast.
When hurt, damage is shared between your health and your magic reserves.
Your bite disrupts and absorbs the magic of your enemies.
Potions cannot restore your health.
You are immune to rotting.


Message History

MP restored: 8 You feel sick.
You take 1 damage, and have 17/34 hp.
You start resting.
You feel sick. x14
An orc priest comes into view.
You take 7 damage, and have 10/34 hp.
MASSIVE DAMAGE!!
You start resting.
You feel sick. x4
You hear the slow hiss of a distant avalanche of sand.
You feel sick.
You regained 3 hp, and now have 13/34 hp.
You start resting.
You feel sick.
You are no longer poisoned.
An orc and an orc wizard come into view.
There are monsters nearby!
Unknown command.
There are monsters nearby!
You start resting.
You are feeling very hungry.
You regained 6 hp, and now have 21/34 hp.
Unknown command.
Unknown command.
You start resting.
Health restored: 34 You hear the hiss of a very distant avalanche of sand.
There is an entrance to Pestyimo's General Store here.
p - 2 scrolls of identify (gained 1);
j - 2 potions of might (gained 1) Thank you for shopping at Pestyimo's General Store!
You open the door.
A water moccasin, a hound and an ogre come into view.
The water moccasin hisses angrily.
The ogre shouts!
The hound barks!
The water moccasin bites you but does no damage.
There are monsters nearby!
b - a +0 blowgun (weapon)
Aim: a water moccasin You shoot a needle of confusion.
The needle of confusion closely misses the water moccasin.
The water moccasin closely misses you. The water moccasin bites you.
You now have 7/8 mp.
Aim: a water moccasin You shoot a needle of confusion.
The needle of confusion hits the water moccasin.
The water moccasin appears confused.
The water moccasin bites the ogre.
The ogre is poisoned.
The water moccasin poisons the ogre!
a - a +2 dagger (weapon)
You hit the water moccasin. You bite the water moccasin. You drain its power.
You feel invigorated.
The water moccasin bites you but does no damage.
MP restored: 8 You barely miss the water moccasin.
You bite the water moccasin, but do no damage.
The ogre barely misses you. The water moccasin bites you.
You take 4 damage, and have 30/34 hp.
You now have 7/8 mp.
You hit the water moccasin. The ogre barely misses you.
The water moccasin barely misses itself.
You hit the water moccasin.
You bite the water moccasin, but do no damage.
The ogre hits you with a giant club!!
Ouch! That really hurt!
* * * LOW HITPOINT WARNING * * *
You take 24 damage, and have 7/34 hp.
MASSIVE DAMAGE!!
You now have 2/8 mp.
The water moccasin seems less confused.
The water moccasin bites you but does no damage.
The water moccasin closely misses you.
b - a +0 blowgun (weapon)
The water moccasin bites you but does no damage.
Aim: a water moccasin (moderately wounded)
You shoot a needle of confusion.
The needle of confusion hits the water moccasin.
The water moccasin resists.
The water moccasin completely misses you.
Aim: a water moccasin (moderately wounded)
You shoot a needle of confusion.
The needle of confusion closely misses the water moccasin.
The needle of confusion barely misses the hound.
The water moccasin bites you.
* * * LOW HITPOINT WARNING * * *
You take 1 damage, and have 8/34 hp.
You now have 2/8 mp.
Unknown command.
Aim: a water moccasin (moderately wounded)
You shoot a needle of confusion.
The needle of confusion hits the water moccasin.
The water moccasin resists.
The water moccasin bites you.
* * * LOW HITPOINT WARNING * * *
You are poisoned.
The water moccasin poisons you! The water moccasin barely misses you.
You take 4 damage, and have 4/34 hp.
You now have 1/8 mp.
Unknown command.
Aim: a water moccasin (moderately wounded)
You shoot a needle of confusion.
The needle of confusion hits the water moccasin.
The water moccasin resists.
* * * LOW HITPOINT WARNING * * *
You feel sick. The water moccasin bites you!
You die...

#≈≈∩....###..#######..
#≈≈≈≈≈..# #..........
###..≈≈≈#..###..###.....
...###.#..#...#.###.####..
...# #....................
##.# #.######.####..####.
# ...... ##.## #.##%$## #
..####. #...###O(..[.# #
..# #.##....@Sh#(.(.# .
...##.......#####..## #
#.........## +##
.#..#......# ...........##
.#..##......###
...##..........
#..##.......#..
#..##.......#..#


You could see a water moccasin, an ogre and a hound.

Vanquished Creatures
  The ghost of Gorglomux the Sneak, an amateur VSAs (D:3)
  A sky beast (D:4)
  Purgy (D:3)
  An orc priest (D:3)
  2 worker ants
  Robin (D:3)
  5 gnolls (D:3)
  3 oozes (D:2)
  A worm (D:2)
  A dart slug (D:1)
  5 leopard geckos
  6 orcs (D:3)
  3 ball pythons
  8 giant cockroaches
  13 goblins
  12 hobgoblins
  6 bats
  6 frilled lizards
  6 kobolds
  A rat (D:2)
83 creatures vanquished.

Notes
Turn   | Place    | Note
-------+----------+-------------------------------------------
     0 | D:1      | Gorglomux the Vine Stalker Assassin began the quest for the Orb.
     0 | D:1      | Reached XP level 1. HP: 11/11 MP: 2/2
    64 | D:1      | Reached skill level 2 in Short Blades
    79 | D:1      | Reached skill level 5 in Stealth
   108 | D:1      | Reached XP level 2. HP: 12/15 MP: 3/3
   306 | D:2      | Reached XP level 3. HP: 18/18 MP: 4/4
  1164 | D:1      | Reached skill level 3 in Short Blades
  1191 | D:1      | Gained mutation: Your natural rate of healing is unusually fast. [Vine Stalker growth]
  1191 | D:1      | Reached XP level 4. HP: 23/23 MP: 5/5
  1356 | D:2      | Found a shattered altar of Ashenzari.
  1576 | D:3      | Reached skill level 6 in Stealth
  1580 | D:3      | HP: 3/23 [orc/flail (9)]
  1583 | D:3      | Noticed Purgy
  1592 | D:3      | HP: 5/23 [giant cockroach (1)]
  1604 | D:3      | HP: 5/23 [orc/mace (3)]
  1668 | D:3      | Killed Purgy
  1668 | D:3      | Reached XP level 5. HP: 14/26 MP: 3/6
  1754 | D:3      | Found a sacrificial altar of Ru.
  1856 | D:3      | Noticed Gorglomux's ghost (amateur VSAs)
  1871 | D:3      | Killed Gorglomux's ghost
  1871 | D:3      | Reached skill level 4 in Short Blades
  1871 | D:3      | Reached skill level 7 in Stealth
  1871 | D:3      | Reached XP level 6. HP: 12/30 MP: 4/7
  1913 | D:3      | Found a glowing silver altar of Zin.
  2025 | D:3      | HP: 5/30 [orc/whip (3)]
  2027 | D:3      | HP: 1/30 [orc/whip (5)]
  2173 | D:3      | Noticed Robin
  2234 | D:3      | Killed Robin
  2630 | D:3      | Found a shimmering altar of Xom.
  2897 | D:4      | Noticed a sky beast
  2898 | D:4      | Found Pestyimo's General Store.
  2943 | D:4      | Killed a sky beast
  2943 | D:4      | Reached skill level 5 in Short Blades
  2943 | D:4      | Reached skill level 8 in Stealth
  2943 | D:4      | Reached XP level 7. HP: 25/34 MP: 4/8
  3138 | D:4      | Bought a scroll of identify for 26 gold pieces
  3138 | D:4      | Bought a potion of might for 52 gold pieces
  3163 | D:4      | HP: 7/34 [ogre/giant club (24)]
  3168 | D:4      | HP: 8/34 [water moccasin (2)]
  3170 | D:4      | Slain by a water moccasin

Vault maps used:
D:1:      dpeg_arrival_round_c
D:2:      marbit_many_paths
D:3:      lemuel_doored_altar, tgw_xom, first_bread,
          nicolae_ru_sacrificial_ziggurat, uniq_robin, uniq_purgy
D:4:      gup_ossuary_entry_pyramid, serial_shops, nicolae_shop_waterfront,
          minmay_joined_circles

Skill      XL: |  1  2  3  4  5  6 |
---------------+-------------------+-----
Short Blades   | 2 3 4 5 |  5.1
Stealth        | 5 6 7 8 |  8.4
Fighting       | |  1.7
Throwing       | |  1.7
Dodging        | |  0.7

Action                   |  1- 3 |  4- 6 |  7- 9 || total
-------------------------+-------+-------+-------++-------
Melee: Dagger            |    73 |   146 |    16 ||   235
       Bite              |    21 |    47 |     9 ||    77
 Fire: Blowgun           |       |    36 |     6 ||    42
 Stab: Sleeping          |    17 |     5 |       ||    22
       Distracted        |     1 |     1 |       ||     2
       Confused          |       |     1 |       ||     1
  Eat: Chunk             |     1 |     5 |       ||     6
Armor: Robe              |     9 |    26 |     5 ||    40
Dodge: Dodged            |    36 |    97 |     9 ||   142

Vault maps used:
D:1:      dpeg_arrival_round_c
D:2:      marbit_many_paths
D:3:      lemuel_doored_altar, tgw_xom, first_bread,
          nicolae_ru_sacrificial_ziggurat, uniq_robin, uniq_purgy
D:4:      gup_ossuary_entry_pyramid, serial_shops, nicolae_shop_waterfront,
          minmay_joined_circles

Table legend:
 A = Turns spent in this place as a percentage of turns spent in the entire game.
 B = Non-inter-level travel turns spent in this place as a percentage of non-inter-level travel turns spent in the entire game.
 C = Inter-level travel turns spent in this place as a percentage of turns spent in this place.
 D = Turns resting spent in this place as a percentage of non-inter-level travel turns spent in this place.
 E = Turns spent auto-exploring this place as a percentage of non-inter-level travel turns spent in this place.
 F = Non-inter-level travel turns spent in this place divided by the number of levels of this place that you've seen.
                   A       B       C       D       E      F
               +-------+-------+-------+-------+-------+----------------------
         Total | 100.0 | 100.0 |   0.7 |   1.9 |   6.6 | 331.5
       Dungeon | 100.0 | 100.0 |   0.7 |   1.9 |   6.6 | 331.5
               +-------+-------+-------+-------+-------+----------------------

Table legend:
 A = Kills in this place as a percentage of kills in entire the game.
 B = Kills by you in this place as a percentage of kills by you in the entire game.
 C = Kills by friends in this place as a percentage of kills by friends in the entire game.
 D = Other kills in this place as a percentage of other kills in the entire game.
 E = Experience gained in this place as a percentage of experience gained in the entire game.
 F = Experience gained in this place divided by the number of levels of this place that you have seen.
                   A       B       C       D       E      F
               +-------+-------+-------+-------+-------+----------------------
         Total | 100.0 | 100.0 |  -nan |  -nan | 100.0 | 189.2
       Dungeon | 100.0 | 100.0 |  -nan |  -nan | 100.0 | 189.2
               +-------+-------+-------+-------+-------+----------------------
